 Dungeon Crawl Stone Soup version 0.21.1-1-g345015fe64 (webtiles) character file.

5292 Henning the Grappler (level 10, -2/98 HPs)
             Began as a Troll Monk on June 17, 2018.
             Slain by a troll (3 damage)
             ... on level 9 of the Dungeon.
             The game lasted 00:22:02 (6350 turns).

Henning the Grappler (Troll Monk)                   Turns: 6350, Time: 00:22:02

Health: -2/98      AC: 10    Str: 21    XL:     10   Next: 37%
Magic:  11/11      EV: 18    Int:  6    God:
Gold:   693        SH:  0    Dex: 15    Spells: 8/9 levels left

rFire    . . .     SeeInvis .     - Unarmed
rCold    . . .     Gourm    +   (no shield)
rNeg     + . .     Faith    .   B - +2 robe {rN+}
rPois    .         Spirit   .   (helmet restricted)
rElec    .         Reflect  .   g - +2 cloak
rCorr    .         Harm     .   (gloves unavailable)
MR       .....                  (boots unavailable)
Stlth    +++.......             C - amulet of magic regeneration
HPRegen  0.66/turn              x - ring of stealth
MPRegen  0.37/turn              h - +5 ring of evasion

@: lethally poisoned (-2 -> -2)
A: large, unfitting armour, claws 3, fast metabolism 3, gourmand, regeneration
1, shaggy fur 1, tough skin 2
a: no special abilities


You were on level 9 of the Dungeon.
You were completely stuffed.

You visited 2 branches of the dungeon, and saw 12 of its levels.

You collected 693 gold pieces.

Inventory:

Armour
 g - a +2 cloak (worn)
 n - a +0 shield
 B - a +2 robe of positive energy (worn)
Jewellery
 h - a +5 ring of evasion (right claw)
 x - a ring of stealth (left claw)
 C - an amulet of magic regeneration (around neck)
Wands
 e - a wand of polymorph (10)
 w - a wand of iceblast (4)
 y - a wand of scattershot (9)
 z - a wand of random effects (22)
 A - a wand of flame (46)
Scrolls
 o - a scroll of remove curse
 p - 3 scrolls of enchant armour {unknown}
 q - 3 scrolls of teleportation {unknown}
 v - a scroll of blinking
 E - 3 scrolls of magic mapping
 F - a scroll of random uselessness {unknown}
 H - a scroll of vulnerability {unknown}
 J - a scroll of fear {unknown}
Potions
 a - 3 potions of flight
 c - 3 potions of haste
 d - 2 potions of agility
 f - 3 potions of degeneration {unknown}
 i - a potion of cancellation {unknown}
 j - 4 potions of curing {unknown}
 k - 3 potions of ambrosia {unknown}
 l - a potion of brilliance {unknown}
 m - 3 potions of heal wounds {unknown}
 r - 3 potions of magic {unknown}
 s - 3 potions of mutation {unknown}
 t - 2 potions of berserk rage {unknown}
 u - a potion of invisibility {unknown}
 I - a potion of lignification {unknown}
 K - a potion of resistance {unknown}
Books
 D - a book of Misfortune

   Spells                             Type                      Level
   a - Confusing Touch                Hexes                        1
   b - Confuse                        Hexes                        3
   c - Gell's Gravitas                Translocation                3
   d - Petrify                        Transmutation/Earth          4
   e - Metabolic Englaciation         Hexes/Ice                    5
   f - Yara's Violent Unravelling     Hexes/Transmutation          5
Comestibles
 b - 20 rations


   Skills:
 + Level 5.8 Fighting
 + Level 6.2 Dodging
 - Level 2.0 Stealth
 * Level 11.1 Unarmed Combat
 - Level 2.0 Hexes
 - Level 3.0 Evocations


You had 8 spell levels left.
You knew the following spells:

 Your Spells              Type           Power        Failure   Level  Hunger
a - Confusing Touch       Hex            #.....       22%         1    ##.....


Dungeon Overview and Level Annotations

Branches:
Dungeon (11/15)            Temple (1/1) D:4
   Lair: D:8-11         Orc: D:9-12

Altars:
Ashenzari
Cheibriados
Dithmenos
Elyvilon
Fedhas
Gozag
Hepliaklqana
Kikubaaqudgha
Makhleb
Nemelex Xobeh
Okawaru
Ru
Sif Muna
Trog
Uskayaw
Vehumet
Wu Jian
Xom
Yredelemnul
Zin
The Shining One
Beogh

Shops:
D:5 =


Innate Abilities, Weirdness & Mutations

You are too large for most types of armour.
You have claws for hands.
Your metabolism is lightning-fast.
You like to eat raw meat.
Your natural rate of healing is unusually fast.
You are covered in fur. (AC +1)
You have very tough skin. (AC +2)


Message History

The troll bites you! The troll claws you!
* * * LOW HITPOINT WARNING * * *
The troll closely misses you.
You barely miss the troll.
The troll is severely wounded.
You feel sick. The troll bites you.
* * * LOW HITPOINT WARNING * * *
The troll claws you!
* * * LOW HITPOINT WARNING * * *
The troll claws you but does no damage.
The killer bee buzzes angrily.
You claw the troll! Your claw misses the troll.
The troll is almost dead.
You hear a bark!
You barely miss the troll.
The troll is almost dead.
You feel sick. The troll bites you!
* * * LOW HITPOINT WARNING * * *
The troll claws you.
You die...

## ##...#########
....y..@T....#
.≈..########.#
≈...########.#
≈.......yT†..########
≈.......yy###..)))..#
≈≈...$....# #.####.##
≈≈........# #.# #.#
..........# #.# #.#
≈≈........# #.# #.#


You could see a troll and a killer bee.

Vanquished Creatures
  Joseph (D:8)
  A troll (D:10)
  Grinder (D:6)
  A hippogriff (D:8)
  Sigmund (D:6)
  Eustachio (Temple)
  The ghost of spacerossing the Cudgeler, an amateur MiBe of Trog (D:3)
  2 yaks
  Duvessa (D:4)
  An orc warrior (D:7)
  2 ice beasts
  A sky beast (D:8)
  4 ogres
  A black bear (D:6)
  A centaur (D:6)
  A big kobold (D:8)
  Blork the orc (D:4)
  6 bullfrogs
  Dowan (D:4)
  A water moccasin skeleton (D:10)
  2 scorpions
  5 wights (D:10)
  12 killer bees
  2 centaur zombies
  2 crimson imps
  A centaur skeleton (D:7)
  5 orc wizards
  2 bullfrog skeletons
  2 orc priests
  6 hounds
  Ijyb (D:4)
  3 iguanas (D:7)
  9 worker ants
  A hound zombie (D:5)
  A hound skeleton (D:4)
  A worker ant zombie (D:11)
  A howler monkey skeleton (D:8)
  6 adders
  3 gnolls (D:3)
  3 shadow imps
  An adder zombie (D:7)
  2 adder skeletons (D:4)
  4 worms
  3 dart slugs
  6 leopard geckos
  28 orcs
  2 ball pythons
  2 giant cockroaches
  8 goblins
  6 hobgoblins
  4 jackals (D:8)
  4 quokkas
  9 bats
  10 frilled lizards
  A jackal skeleton (D:6)
  12 kobolds
  A quokka skeleton (D:8)
  5 rats
206 creatures vanquished.

Notes
Turn   | Place    | Note
-------+----------+-------------------------------------------
     0 | D:1      | Henning the Troll Monk began the quest for the Orb.
     0 | D:1      | Reached XP level 1. HP: 22/22 MP: 0/0
   260 | D:1      | Reached XP level 2. HP: 29/29 MP: 1/1
   648 | D:2      | Reached XP level 3. HP: 36/36 MP: 2/2
   890 | D:2      | Found a hazy altar of Hepliaklqana.
   971 | D:2      | Reached skill level 4 in Unarmed Combat
  1666 | D:3      | Reached XP level 4. HP: 30/44 MP: 3/3
  1688 | D:3      | Found an iron altar of Okawaru.
  1871 | D:3      | Found a faded altar of an unknown god.
  1913 | D:3      | Found a shadowy altar of Dithmenos.
  1926 | D:3      | Noticed spacerossing's ghost (amateur MiBe)
  2038 | D:3      | Killed spacerossing's ghost
  2038 | D:3      | Reached skill level 5 in Unarmed Combat
  2038 | D:3      | Reached XP level 5. HP: 26/52 MP: 4/4
  2116 | D:3      | Found an opulent altar of Gozag.
  2118 | D:3      | Found a burning altar of Makhleb.
  2407 | D:4      | Reached skill level 6 in Unarmed Combat
  2407 | D:4      | Reached XP level 6. HP: 59/59 MP: 5/5
  2440 | D:4      | Found a staircase to the Ecumenical Temple.
  2443 | D:4      | Noticed Eustachio
  2449 | Temple   | Entered the Ecumenical Temple
  2473 | Temple   | Killed Eustachio
  2626 | D:4      | Noticed Ijyb
  2634 | D:4      | Killed Ijyb
  2646 | D:4      | Found a glowing golden altar of the Shining One.
  2670 | D:4      | Noticed Blork the orc
  2674 | D:4      | Killed Blork the orc
  2674 | D:4      | Reached skill level 7 in Unarmed Combat
  2674 | D:4      | Reached XP level 7. HP: 45/66 MP: 6/6
  2857 | D:4      | Found a shadowy altar of Dithmenos.
  2868 | D:4      | Noticed Duvessa
  2868 | D:4      | Noticed Dowan
  2873 | D:4      | Killed Duvessa
  2877 | D:4      | Killed Dowan
  3068 | D:4      | Reached skill level 1 in Evocations
  3171 | D:5      | Entered Level 5 of the Dungeon
  3443 | D:5      | Reached skill level 8 in Unarmed Combat
  3443 | D:5      | Reached XP level 8. HP: 75/75 MP: 6/8
  3471 | D:5      | Found Kidoe's Jewellery Shop.
  3497 | D:5      | Found a bloodstained altar of Trog.
  3875 | D:6      | Noticed Sigmund
  3886 | D:6      | Killed Sigmund
  3911 | D:6      | Noticed Grinder
  3918 | D:6      | Paralysed by Grinder for 6 turns
  3929 | D:6      | Killed Grinder
  3939 | D:6      | Found a bloodstained altar of Trog.
  4066 | D:6      | Reached skill level 9 in Unarmed Combat
  4193 | D:6      | Found an ornate altar of the Wu Jian Council.
  4195 | D:6      | Found a bloodstained altar of Trog.
  4396 | D:7      | Reached XP level 9. HP: 85/85 MP: 9/9
  4410 | D:7      | Reached skill level 5 in Dodging
  4886 | D:8      | Reached skill level 10 in Unarmed Combat
  4918 | D:8      | Reached skill level 5 in Fighting
  5005 | D:8      | Learned a level 1 spell: Confusing Touch
  5085 | D:8      | Noticed Joseph
  5103 | D:8      | Killed Joseph
  5303 | D:8      | Reached skill level 1 in Hexes
  5459 | D:9      | You fall through a shaft for 2 floors!
  5543 | D:10     | Entered Level 10 of the Dungeon
  5551 | D:10     | Reached XP level 10. HP: 86/96 MP: 11/11
  5727 | D:9      | Found a roughly hewn altar of Beogh.
  6070 | D:10     | Noticed a two-headed ogre
  6109 | D:9      | Reached skill level 11 in Unarmed Combat
  6350 | D:9      | HP: 1/98 [troll (12)]
  6350 | D:9      | Slain by a troll

Skill      XL: |  1  2  3  4  5  6  7  8  9 10 |
---------------+-------------------------------+-----
Unarmed Combat | 4 5 6 7 8 9 10 11 | 11.1
Dodging        | 3 4 5 6 |  6.2
Fighting       | 3 4 5 |  5.8
Evocations     | 1 2 3 |  3.0
Stealth        | 2 |  2.0
Hexes          | 1 2 |  2.0

Action                   |  1- 3 |  4- 6 |  7- 9 | 10-12 || total
-------------------------+-------+-------+-------+-------++-------
Melee: Unarmed           |   112 |    78 |   329 |   146 ||   665
       Punch             |     1 |     6 |    10 |     6 ||    23
  Use: Scroll            |       |       |     9 |       ||     9
 Stab: Sleeping          |     1 |       |    13 |       ||    14
  Eat: Chunk             |    21 |     9 |    26 |     8 ||    64
Armor: Robe              |    33 |    22 |    62 |    32 ||   149
Dodge: Dodged            |    61 |    98 |   228 |   168 ||   555
